 Dungeon Crawl Stone Soup version 0.24-a0-515-gbe7f5e2e8d (webtiles) character file.

Game seed: 3350192563092922995

304 Inquire the Skirmisher (level 6, 0/48 HPs)
             Began as a Mummy Warper on July 21, 2019.
             Slain by a centaur skeleton (2 damage)
             ... on level 4 of the Dungeon.
             The game lasted 00:06:08 (4268 turns).

Inquire the Skirmisher (Mummy Warper)               Turns: 4268, Time: 00:06:08

Health: 0/48       AC:  6    Str: 15    XL:     6   Next: 15%
Magic:  11/11      EV: 12    Int: 12    God:
Gold:   163        SH:  0    Dex: 13    Spells: 4/11 levels left

rFire    x . .     SeeInvis .   k - +0 quarterstaff
rCold    + . .     Gourm    .   (shield currently unavailable)
rNeg     + + +     Faith    .   b - +3 leather armour
rPois    ∞         Spirit   .   (no helmet)
rElec    .         Reflect  .   (no cloak)
rCorr    .         Harm     .   (no gloves)
MR       .....                  (no boots)
Stlth    +.........             (no amulet)
HPRegen  0.16/turn              (no ring)
MPRegen  0.12/turn              (no ring)

@: no status effects
A: no food or potions, fire vulnerability, cold resistance 1, negative energy
resistance 3, torment resistance, unbreathing
a: no special abilities


You were on level 4 of the Dungeon.
You were not hungry.

You visited 1 branch of the dungeon, and saw 5 of its levels.

You collected 163 gold pieces.

Inventory:

Hand Weapons
 a - a +0 mace
 k - a +0 quarterstaff (weapon)
Missiles
 j - 7 sling bullets
 m - a poisoned dart (quivered)
Armour
 b - a +3 leather armour (worn)
Jewellery
 f - the ring "Qohisu Fosk" {rElec rCorr Int+8 Slay-6}
   (You found it on level 4 of the Dungeon)

   [ring of resist corrosion]

   It affects your intelligence (+8).
   It affects your accuracy and damage with ranged weapons and melee attacks
   (-6).
   It insulates you from electricity.
   It provides partial protection from all sources of acid and corrosion.
Scrolls
 c - a scroll of random uselessness
 h - 2 scrolls of amnesia
 i - 2 scrolls of remove curse
 l - 4 scrolls of identify


   Skills:
 + Level 3.6 Fighting
 - Level 2.6(3.2) Maces & Flails
 * Level 2.7(3.3) Staves
 - Level 0.7 Throwing
 - Level 0.7 Armour
 - Level 1.5 Dodging
 - Level 3.4 Spellcasting
 - Level 2.4 Translocations
   Level 1.6 Evocations


You had 4 spell levels left.
You knew the following spells:

 Your Spells              Type           Power        Failure   Level  Hunger
a - Blink                 Tloc           N/A          16%         2    N/A
b - Shroud of Golubria    Chrm/Tloc      #.....       26%         2    N/A
c - Gell's Gravitas       Tloc           #.........   32%         3    N/A

Your spell library contained the following spells:

 Spells                   Type           Power        Failure   Level  Hunger
 Lesser Beckoning         Tloc           #.........   32%         3    N/A
 Teleport Other           Tloc           #.......     32%         3    N/A
 Passage of Golubria      Tloc           N/A          71%         4    N/A

Dungeon Overview and Level Annotations

Branches:
Dungeon (5/15)
 Temple: D:4-7

Altars:
Dithmenos
Trog

Annotations:
D:4 2 transporters


Innate Abilities, Weirdness & Mutations

You do not eat or drink.
Your flesh is vulnerable to fire.
You are immune to poison.
Your flesh is cold resistant. (rC+)
You are immune to negative energy. (rN+++)
You are immune to unholy pain and torment.
You can survive without breathing.


Message History

You climb upwards.
Level annotation: 2 transporters
There is a stone staircase leading down here.
The orc misses you.
The orc looks more healthy.
You hit the orc.
You kill the orc!
You hit the centaur skeleton.
The centaur skeleton is heavily damaged.
The centaur skeleton hits you.
* * * LOW HITPOINT WARNING * * *
The centaur skeleton misses you.
You thump the centaur skeleton!
The centaur skeleton is severely damaged.
The centaur skeleton hits you.
* * * LOW HITPOINT WARNING * * *
You hit the centaur skeleton.
The centaur skeleton is almost destroyed.
The centaur skeleton hits you.
You die...

##### ##...# .$.
#@...# ... #Z..###
..## ##.....# ...
#......##.# ..
##>.......# . .
#........###.##..
#.......##.#.....
#......<...).....
####
###.........#....#


You could see a centaur skeleton.

Vanquished Creatures
  An orc priest (D:3)
  3 orc wizards
  3 worker ants
  An adder (D:2)
  2 oozes
  An adder skeleton (D:4)
  7 worms
  3 dart slugs
  4 leopard geckos
  8 orcs
  5 bats
  A giant cockroach (D:2)
  7 hobgoblins
  2 quokkas
  A ball python (D:3)
  6 frilled lizards
  4 goblins
  7 kobolds
  6 rats
72 creatures vanquished.

Notes
Turn   | Place    | Note
-------+----------+-------------------------------------------
     0 | D:1      | Inquire the Mummy Warper began the quest for the Orb.
     0 | D:1      | Reached XP level 1. HP: 16/16 MP: 4/4
   305 | D:1      | Reached XP level 2. HP: 22/22 MP: 6/6
   348 | D:1      | Learned a level 2 spell: Blink
  1091 | D:2      | Found a bloodstained altar of Trog.
  1131 | D:2      | Reached XP level 3. HP: 18/28 MP: 7/7
  1700 | D:2      | Reached skill level 1 in Evocations
  2069 | D:3      | Reached XP level 4. HP: 22/34 MP: 9/9
  2402 | D:3      | Found a shadowy altar of Dithmenos.
  2632 | D:4      | Got a faintly glowing marble ring
  2633 | D:4      | Identified the ring "Qohisu Fosk" {rElec rCorr Int+8
                  | Slay-6} (You found it on level 4 of the Dungeon)
  2914 | D:3      | Learned a level 2 spell: Shroud of Golubria
  2918 | D:3      | Learned a level 3 spell: Gell's Gravitas
  3209 | D:4      | Reached skill level 1 in Staves
  3232 | D:4      | Found a transporter.
  3262 | D:4      | Reached XP level 5. HP: 14/41 MP: 10/10
  3265 | D:4      | Found a transporter.
  4080 | D:5      | Entered Level 5 of the Dungeon
  4229 | D:5      | Reached XP level 6. HP: 11/47 MP: 8/11
  4240 | D:5      | HP: 2/47 [orc/boomerang of dispersal (4)]
  4266 | D:4      | HP: 2/48 [centaur skeleton (4)]
  4268 | D:4      | Slain by a centaur skeleton

Levels and vault maps discovered:
D:1:      minmay_arrival_stone_box, layout_rooms
D:2:      layout_loops_ring, bloody_trog
D:3:      layout_basic, nicolae_overflow_crystal_walls
D:4:      gammafunk_wand_slinger, layout_cave_pools, lemuel_round_altar,
          dk_vineyard_2, minivault_27
D:5:      layout_loops_corners, first_ration

Skill      XL: |  1  2  3  4  5 |
---------------+----------------+-----
Spellcasting   | 3 |  3.4
Maces & Flails | 2 |  2.6
Evocations     | 1 |  1.6
Staves         | 1 2 |  2.7
Fighting       | 3 |  3.6
Throwing       | |  0.7
Armour         | |  0.7
Dodging        | |  1.5
Translocations | |  2.4

Action                   |  1- 3 |  4- 6 || total
-------------------------+-------+-------++-------
Melee: Mace              |   143 |    19 ||   162
       Quarterstaff      |       |   119 ||   119
Throw: Boomerang         |     4 |     1 ||     5
       Dart              |       |    22 ||    22
Evoke: Wand              |     5 |     8 ||    13
  Use: Scroll            |     3 |     5 ||     8
Armor: Leather armour    |    47 |    57 ||   104
Dodge: Dodged            |    78 |    84 ||   162

Table legend:
 A = Non-vault XP
 B = Vault XP
 C = Vault XP percentage of total XP
 D = Non-vault monster count
 E = Vault monster count
 F = Vault count percentage of total count
                 A         B        C        D         E       F
            +---------+---------+-------+---------+---------+-------
      Total |     435 |       0 |   0.0 |      72 |       0 |   0.0
            +---------+---------+-------+---------+---------+-------
        D:1 |      31 |       0 |   0.0 |      16 |       0 |   0.0
        D:2 |      64 |       0 |   0.0 |      22 |       0 |   0.0
        D:3 |     174 |       0 |   0.0 |      26 |       0 |   0.0
        D:4 |      48 |       0 |   0.0 |       5 |       0 |   0.0
        D:5 |     118 |       0 |   0.0 |       3 |       0 |   0.0
            +---------+---------+-------+---------+---------+-------
